AoeStats
← aclcbrn

African Clearing

510393656Analyzed
4v4 RM · 1d ago on Sep 30, 2026· 55m 46s· 8 players
Game mode
Random Map
Map size
Large (8 player)
Population
200
Speed
Normal
Resources
Standard
Victory
Conquest
Starting age
Dark Age
Ending age
Imperial Age
RankedLock teamsTeams togetherTeam positionsShared explorationLock speedFull tech treeHidden civsTurbo modeCheats
Victory
Defeat
🇮🇹 Poles · Italy
1025
+16
🇲🇽 Lithuanians · Mexico
1007
+17
🇨🇳 Varangians · China
999
+41
🇬🇧 Cumans · United Kingdom
985
+18
🇹🇷 Magyars · Türkiye
1036
-17
🇳🇱 Spanish · Netherlands
1031
-17
🇪🇸 Gurjaras · Spain
1025
-17
🇫🇷 Saxons · France
1024
-17
Olivia
11:04 Loom
14:36 Feudal Age
16:18 Double-Bit Axe
18:49 Castle Age
18:26 Scale Barding Armor
26:57 Bow Saw
28:34 Wheelbarrow
27:46 Town Watch
29:57 Horse Collar
31:33 Bloodlines
31:24 Husbandry
34:00 Forging
37:38 Heavy Plow
38:59 Stone Mining
39:00 Gold Mining
43:29 Imperial Age
41:22 Hand Cart
42:07 Stone Shaft Mining
42:01 Chain Barding Armor
42:01 Vendel Legacy
44:50 Iron Casting
44:53 Crop Rotation
44:44 Town Patrol
45:59 Conscription
47:03 Two-Man Saw
46:50 Elite Jarl
49:17 Chemistry
48:41 Ballistics
49:19 Treadmill Crane
49:50 Masonry
49:45 Siege Engineers
49:36 Murder Holes
51:07 Blast Furnace
50:43 Plate Barding Armor
50:00 Fletching
54:42 Architecture
55:47 Scale Mail Armor
55:43 Bodkin Arrow
55:48 Padded Archer Armor
Michael1635
14:51 Feudal Age
19:36 Castle Age
18:30 Double-Bit Axe
18:29 Horse Collar
20:40 Forging
21:27 Bloodlines
21:55 Scale Barding Armor
25:27 Iron Casting
25:13 Chain Barding Armor
30:38 Man-at-Arms
31:18 Squires
31:04 Arson
31:48 Capped Ram
31:54 Long Swordsman
36:29 Bow Saw
36:21 Gold Mining
53:23 Steppe Husbandry
54:10 Fletching
54:21 Padded Archer Armor
55:54 Gold Shaft Mining
56:13 Bodkin Arrow
Renesis
7:31 Loom
14:48 Feudal Age
15:21 Double-Bit Axe
15:19 Horse Collar
22:51 Castle Age
22:04 Forging
22:07 Bloodlines
22:51 Scale Barding Armor
22:46 Stone Mining
22:48 Gold Mining
23:44 Wheelbarrow
23:46 Heavy Plow
23:50 Husbandry
24:35 Bow Saw
24:19 Light Cavalry
26:12 Iron Casting
30:33 Hand Cart
30:50 Town Watch
31:29 Chain Barding Armor
36:44 Imperial Age
34:15 Town Patrol
34:37 Treadmill Crane
35:09 Szlachta Privileges
36:10 Stone Shaft Mining
37:53 Lechitic Legacy
37:54 Conscription
40:17 Crop Rotation
41:19 Blast Furnace
40:55 Winged Hussar
41:42 Fletching
45:35 Siege Engineers
47:25 Bodkin Arrow
50:34 Chemistry
53:07 Hoardings
53:57 Scale Mail Armor
54:58 Masonry
Cuauhpilli
5:51 Loom
13:23 Feudal Age
17:24 Castle Age
18:11 Scale Barding Armor
17:54 Double-Bit Axe
18:33 Bloodlines
18:24 Husbandry
20:13 Chain Barding Armor
29:54 Forging
30:40 Town Watch
31:24 Horse Collar
35:08 Wheelbarrow
35:41 Town Patrol
36:04 Bow Saw
39:03 Iron Casting
39:17 Hand Cart
42:15 Imperial Age
40:39 Masonry
40:10 Treadmill Crane
44:07 Plate Barding Armor
43:22 Cavalier
45:26 Conscription
48:50 Heavy Plow
49:30 Paladin
51:28 Two-Man Saw
56:22 Guilds
psycomp3
12:50 Feudal Age
18:43 Castle Age
16:32 Double-Bit Axe
16:41 Gold Mining
17:22 Forging
16:57 Horse Collar
18:26 Scale Mail Armor
19:20 Wheelbarrow
21:25 Hand Cart
21:43 Stone Mining
22:14 Bow Saw
22:25 Loom
30:20 Kshatriyas
30:56 Iron Casting
34:39 Town Watch
38:23 Imperial Age
36:44 Chain Mail Armor
39:28 Conscription
39:37 Elite Chakram Thrower
41:51 Ballistics
41:14 Treadmill Crane
42:36 Gold Shaft Mining
43:20 Frontier Guards
47:49 Murder Holes
48:28 Plate Mail Armor
48:14 Heavy Camel Rider
49:06 Scale Barding Armor
49:23 Husbandry
49:35 Bloodlines
55:29 Light Cavalry
aclcbrn
4:19 Loom
13:06 Feudal Age
13:41 Double-Bit Axe
13:56 Gold Mining
14:00 Town Watch
20:07 Castle Age
18:27 Stone Mining
20:43 Forging
20:34 Scale Mail Armor
22:58 Bow Saw
24:45 Horse Collar
25:42 Heavy Plow
32:36 Imperial Age
30:01 Gambesons
30:36 Pikeman
34:56 Chemistry
34:39 Ballistics
38:17 Squires
40:45 Arson
40:55 Fletching
42:40 Iron Casting
42:21 Chain Mail Armor
43:07 Bodkin Arrow
43:49 Elite Skirmisher
45:15 Conscription
45:07 Padded Archer Armor
46:08 Bracer
Anne d'autriche
15:07 Feudal Age
14:01 Loom
15:53 Double-Bit Axe
17:30 Wheelbarrow
17:12 Fishing Lines
21:27 Castle Age
19:42 Gold Mining
20:11 Stone Mining
22:50 Gillnets
23:14 Fletching
24:00 Bow Saw
25:20 Hand Cart
27:41 Gold Shaft Mining
27:53 Pikeman
28:34 Squires
29:33 Scale Mail Armor
29:43 Forging
29:59 Ballistics
32:31 Gambesons
32:33 Arson
32:10 Man-at-Arms
33:28 Iron Casting
33:27 Long Swordsman
39:43 Bodkin Arrow
48:07 Chain Mail Armor
Amongstars
4:58 Loom
16:21 Feudal Age
18:33 Scale Barding Armor
19:13 Bloodlines
24:08 Castle Age
26:10 Gold Mining
26:32 Double-Bit Axe
28:05 Husbandry
33:02 Chain Barding Armor
46:20 Bow Saw
51:35 Imperial Age
51:39 Cavalier
52:57 Plate Barding Armor
Connection lost

Rejoining the realm…

Still unreachable

The connection could not be restored.

Session expired

The server has moved on; the page needs a fresh start.